 Dungeon Crawl Stone Soup version 0.28.0-45-g0d030f2227 (webtiles) character file.

Game seed: 7095246971298650162

346 MalarOregon the Chopper (level 6, -3/52 HPs)
             Began as a Palentonga Berserker on Apr 21, 2022.
             Was a Believer of Trog.
             Killed by nerve-wracking pain
             ... invoked by Grinder
              (11 damage)
             ... on level 3 of the Dungeon.
             The game lasted 00:07:54 (3112 turns).

MalarOregon the Chopper (Palentonga Berserker)      Turns: 3112, Time: 00:07:55

Health: -3/52      AC:  7    Str: 22    XL:     6   Next: 32%
Magic:  6/6        EV:  9    Int:  7    God:    Trog [**....]
Gold:   21         SH:  0    Dex: 10    Spells: 5/5 levels left

rFire   . . .      SeeInvis +   a - +0 hand axe (vorpal)
rCold   . . .      Faith    .   (no shield)
rNeg    . . .      Spirit   .   f - +0 ring mail
rPois   .          Reflect  .   e - +0 helmet
rElec   .          Harm     .   (no cloak)
rCorr   .          Rampage  .   (no gloves)
Will    .....                   (no barding)
Stlth   ..........              (no amulet)
HPRegen 0.17/turn               (no ring)
MPRegen 0.10/turn               (no ring)

@: lethally poisoned (-3 -> -3), on berserk cooldown, slowed, very slow
A: large, rugged brown scales 3, see invisible, deformed body, roll 1, armoured
tail
a: Rolling Charge, Renounce Religion, Berserk, Trog's Hand


You were on level 3 of the Dungeon.
You worshipped Trog.
Trog was pleased with you.
You visited 1 branch of the dungeon, and saw 3 of its levels.

You collected 111 gold pieces.
You spent 90 gold pieces at shops.


Innate Abilities, Weirdness & Mutations

You are completely covered in rugged brown scales. (AC +3, +7% HP)
You have supernaturally acute eyesight. (SInv)
Armour fits poorly on your strangely shaped body.
You can roll at nearby foes to attack.
You have a long armoured tail.


   Skills:
 * Level 4.3 Fighting
 * Level 4.3 Axes
 + Level 0.7 Throwing
 * Level 3.1 Armour
 + Level 2.8 Dodging


You had 5 spell levels left.
You didn't know any spells.
Your spell library was empty.

Inventory:

Hand Weapons
 a - a +0 vorpal hand axe (weapon)
Missiles
 b - 3 boomerangs (quivered)
 c - 8 poisoned darts
 i - 106 stones
Armour
 e - a +0 helmet (worn)
   (You found it on level 3 of the Dungeon)
 f - a +0 ring mail (worn)
   (You found it on level 1 of the Dungeon)
Wands
 h - a wand of polymorph (7)
   (You took it off Natasha on level 2 of the Dungeon)
Scrolls
 d - a scroll of noise {!r}
 g - a scroll of fear
 k - a scroll of vulnerability {unknown}
Potions
 l - a potion of attraction {!q}

Dungeon Overview and Level Annotations

Branches:
Dungeon (3/15)

Altars:

Shops:
D:3 ?

Annotations:
D:3 Grinder

...... ..# #.# #####....
..o...##.########'###<#
#....
...................##.#
#....
ยง................##)#
#....
#...............##[#####..
#...............##........
#.......#####.)....##+#..#
###.......####..######
##.# ...'.......)@...##
#.. ####.......5##### ###
#........## ########..#
##.# #.# #.# #.## #..#


You could see Grinder.


Message History

Grinder says, "Mostly I couldn't keep them alive."
Your skin crawls.
You feel strong-willed. Grinder gestures at you.
You resist with almost no effort.
A red film seems to cover your vision as you go berserk!
You feel yourself moving faster!
You feel mighty!
Grinder blinks!
You feel a strong urge to attack something.
An orc comes into view. It is wielding a +0 club.
An orc and an orc wizard come into view.
The orc shouts! x2; The orc wizard shouts!
Grinder barely misses you.
You closely miss Grinder. You closely miss the orc.
An adder comes into view.
You closely miss Grinder. You slash the orc!
You kill the orc!
Trog accepts your kill. Grinder hits you.
You slash Grinder! You hit the orc. Grinder hits you but does no damage.
The orc hits you with a +0 short sword.
You slash the orc!
You kill the orc!
Trog accepts your kill.
You barely miss Grinder. Grinder completely misses you.
You hit Grinder. You barely miss the orc. You closely miss Grinder.
You closely miss the orc. The orc hits you with a +0 club.
Grinder hits you but does no damage.
You barely miss Grinder. You hit the orc. The orc hits you with a +0 club.
Grinder hits you!
You writhe in agony.
You barely miss the orc. You closely miss Grinder.
You are no longer berserk.
You are exhausted.
You feel yourself slow down.
Grinder blinks!
The orc hits you but does no damage.
You hit the orc.
You kill the orc!
Trog accepts your kill.
The orc wizard hits you with a +0 dagger.
The orc barely misses you.
You slash the orc wizard! You hit the orc but do no damage.
You feel the effects of Trog's Hand fading.
The orc wizard hits you with a +0 dagger.
The orc hits you with a +0 mace!
The orc wizard hits you with a +0 dagger.
You slash the orc wizard!
You kill the orc wizard!
Trog accepts your kill.
Trog appreciates your killing of a magic user.
You barely miss the orc. The orc closely misses you.
The adder closely misses you. The orc barely misses you.
Grinder says, "Wait up."
Grinder blinks!
You barely miss the adder. You hit the orc. The adder bites you.
The orc hits you but does no damage. The adder closely misses you.
The orc misses you. The adder misses you.
You hit the adder. You hit the orc but do no damage.
Your skin stops crawling.
You feel less strong-willed. The adder barely misses you.
The orc barely misses you. The adder barely misses you.
You miss the adder. You closely miss the orc. The orc closely misses you.
The adder bites you. The orc completely misses you.
The adder bites you but does no damage.
You hit the adder but do no damage.
Your tail-slap misses the adder.
You hit the orc. The adder completely misses you.
The orc hits you with a +0 mace! The adder closely misses you.
The orc closely misses you.
You hit the adder. You hit the orc. The adder completely misses you.
The orc hits you with a +0 mace.
* * * LOW HITPOINT WARNING * * *
The adder bites you.
* * * LOW HITPOINT WARNING * * *
You closely miss the adder.
Your tail-slap misses the adder.
You hit the orc.
You kill the orc!
Trog accepts your kill. The adder misses you.
The adder bites you but does no damage. The adder bites you.
* * * LOW HITPOINT WARNING * * *
You are poisoned.
The adder poisons you!
Okay, then.
Okay, then.
You barely miss the adder. You tail-slap the adder.
You hit Grinder but do no damage.
You feel very sick. Grinder gestures at you.
You barely resist. The adder barely misses you.
Grinder hits you but does no damage. The adder barely misses you.
You closely miss the adder. You tail-slap the adder.
You kill the adder!
Trog accepts your kill.
You barely miss Grinder.
You feel sick. Grinder hits you!
* * * LOW HITPOINT WARNING * * *
Grinder hits you but does no damage.
Aiming: Polymorph
Press: ? - help, Shift-Dir - straight line, f - Grinder
Aim: Grinder (moderately wounded, will become an iron imp, a ynoxinul, or a crimson imp, chance to affect: 49%) Grinder resists with some effort.
You feel sick. Grinder gestures at you. Pain shoots through your body!
You die...

Skill      XL: |  1  2  3  4  5 |
---------------+----------------+-----
Dodging        | 2 |  2.8
Armour         | 2 3 |  3.1
Fighting       | 4 |  4.3
Axes           | 4 |  4.3
Throwing       | |  0.7

Action                   |  1- 3 |  4- 6 || total
-------------------------+-------+-------++-------
Melee: Hand axe          |    96 |    96 ||   192
       Tailslap          |     5 |    10 ||    15
       Punch             |     1 |     1 ||     2
Throw: Boomerang         |       |     3 ||     3
Invok: Berserk           |     2 |     5 ||     7
       Trog's Hand       |       |     2 ||     2
 Abil: Rolling Charge    |     2 |     1 ||     3
Evoke: Wand              |       |     1 ||     1
  Use: Scroll            |       |     6 ||     6
Armor: Animal skin       |    37 |       ||    37
       Ring mail         |    15 |    57 ||    72
Dodge: Dodged            |    60 |    65 ||   125

Levels and vault maps discovered:
D:1:      lemuel_arrival_behind_the_door_large, layout_basic,
          basic_ecumenical_altar, kennysheep_nondescript
D:2:      layout_basic, uniq_natasha
D:3:      minmay_bubble_buster, layout_basic, serial_shops,
          nicolae_shop_temple_entry_statues_fountains, uniq_grinder,
          uniq_terence

Notes
Turn   | Place    | Note
-------+----------+-------------------------------------------
     0 | D:1      | MalarOregon the Palentonga Berserker began the quest for
                  | the Orb.
     0 | D:1      | Reached XP level 1. HP: 19/19 MP: 1/1
   111 | D:1      | Found a faded altar of an unknown god.
   451 | D:1      | Reached XP level 2. HP: 25/25 MP: 2/2
   593 | D:1      | Reached skill level 2 in Dodging
   806 | D:1      | Reached skill level 2 in Armour
  1075 | D:1      | Reached XP level 3. HP: 31/31 MP: 3/3
  1508 | D:2      | Noticed Natasha
  1516 | D:2      | Killed Natasha
  1594 | D:2      | Noticed Natasha
  1600 | D:2      | Killed Natasha
  1601 | D:2      | Reached XP level 4. HP: 37/37 MP: 4/4
  1844 | D:2      | Reached ** piety under Trog
  1894 | D:2      | Noticed Natasha
  1898 | D:2      | Killed Natasha
  2637 | D:3      | Reached XP level 5. HP: 44/44 MP: 5/5
  2799 | D:3      | Noticed Terence
  2805 | D:3      | Killed Terence
  2806 | D:3      | Reached skill level 4 in Fighting
  2806 | D:3      | Reached skill level 4 in Axes
  2938 | D:3      | Found Gooxt's Magic Scroll Shop.
  2945 | D:3      | Bought a scroll of fear for 42 gold pieces
  2945 | D:3      | Bought a scroll of identify for 24 gold pieces
  2945 | D:3      | Bought a scroll of identify for 24 gold pieces
  2980 | D:3      | Reached skill level 3 in Armour
  2980 | D:3      | Reached XP level 6. HP: 51/51 MP: 6/6
  3078 | D:3      | Noticed Grinder
  3111 | D:3      | HP: 10/52 [Grinder (9)]
  3112 | D:3      | Killed from afar by Grinder

Vanquished Creatures
  A gnoll shaman (D:3)
  3 orc wizards (D:3)
  Natasha (thrice) (D:2)
  Terence (D:3)
  5 gnolls (D:3)
  3 adders
  A dart slug (D:1)
  6 orcs (D:3)
  3 ball pythons
  8 bats
  2 endoplasms
  5 giant cockroaches
  3 hobgoblins (D:2)
  7 jackals
  2 quokkas
  3 frilled lizards
  3 goblins
  5 kobolds
  2 rats (D:1)
66 creatures vanquished.

Table legend:
 A = Non-vault XP
 B = Vault XP
 C = Vault XP percentage of total XP
 D = Non-vault monster count
 E = Vault monster count
 F = Vault count percentage of total count
                 A         B        C        D         E       F
            +---------+---------+-------+---------+---------+-------
      Total |     428 |      67 |  13.5 |      64 |       2 |   3.0
            +---------+---------+-------+---------+---------+-------
        D:1 |      44 |       0 |   0.0 |      24 |       0 |   0.0
        D:2 |     108 |      35 |  24.5 |      16 |       1 |   5.9
        D:3 |     276 |      32 |  10.4 |      24 |       1 |   4.0
            +---------+---------+-------+---------+---------+-------

Illustrated notes

Table legend:
 A = Kills in this place as a percentage of kills in entire the game.
 B = Kills by you in this place as a percentage of kills by you in the entire game.
 C = Kills by friends in this place as a percentage of kills by friends in the entire game.
 D = Other kills in this place as a percentage of other kills in the entire game.
 E = Experience gained in this place as a percentage of experience gained in the entire game.
 F = Experience gained in this place divided by the number of levels of this place that you have seen.
                   A       B       C       D       E      F
               +-------+-------+-------+-------+-------+----------------------
         Total | 100.0 | 100.0 |   N/A |   N/A | 100.0 | 165.0
       Dungeon | 100.0 | 100.0 |   N/A |   N/A | 100.0 | 165.0
               +-------+-------+-------+-------+-------+----------------------

Table legend: (Time is in decaauts)
 A = Elapsed time spent in this place.
 B = Non-inter-level travel time spent in this place.
 C = Inter-level travel time spent in this place.
 D = Time resting spent in this place.
 E = Time spent auto-exploring this place.
 F = Levels seen in this place.
 G = Mean time per level.
                   A        B        C        D        E       F      G
               +--------+--------+--------+--------+--------+-----+--------+
         Total |   3225 |   3095 |    130 |    552 |   1866 |   3 | 1075.0 |
       Dungeon |   3225 |   3095 |    130 |    552 |   1866 |   3 | 1075.0 |
               +--------+--------+--------+--------+--------+-----+--------+

Top non-repeatable levels by time:
     D:1: 1494 daAuts
     D:2: 1238 daAuts
     D:3: 492 daAuts
